 Dungeon Crawl Stone Soup version 0.31-a0-968-g24f9ace8b5 (webtiles) character file.

Game seed: 13657602857621419633

62869 sammy202020 the Fighter (level 15, -9/101 HPs)
             Began as a Gargoyle Berserker on Oct 28, 2023.
             Was a High Priest of Trog.
             Mangled by a stone giant (23 damage)
             ... on level 1 of the Depths.
             The game lasted 00:34:12 (16396 turns).

sammy202020 the Fighter (Gargoyle Berserker)       Turns: 16396, Time: 00:34:13

Health: -9/101     AC: 35    Str: 18    XL:     15   Next: 7%
Magic:  0/15       EV:  8    Int: 19    God:    Trog [*****.]
Gold:   890        SH: 10    Dex: 11    Spells: 14/14 levels left

rFire   + . .        i - +8 flail of the Dancing Gods {speed, rPois rC+ Int+2 Dex+3}
rCold   + + +        H - +0 kite shield
rNeg    + + +        s - +5 plate armour "Zufij" {Str-3 Slay+5}
rPois   ∞            M - +0 helmet
rElec   +            x - +2 cloak
rCorr   .            (no gloves)
SInv    .            j - +1 pair of boots
Will    +....        q - amulet of guardian spirit Stlth
                     p - ring of magical power
HPRegen 0.36/turn    I - ring "Towo" {rC+++ rN+++ MP-9 Int+6 Dex-5}
MPRegen 0.14/turn

%: guardian spirit
@: on berserk cooldown, flying, slowed, very slow
A: sickness immunity, AC +11, big wings, negative energy resistance 1,
electricity resistance, torment resistance 1, petrification resistance, deformed
body, fire resistance 1, wild magic 1
a: Renounce Religion, Berserk, Trog's Hand, Brothers in Arms


You were on level 1 of the Depths.
You worshipped Trog.
Trog was extremely pleased with you.
You visited 2 branches of the dungeon, and saw 16 of its levels.
You also visited: Bailey.

You collected 1097 gold pieces.
You spent 207 gold pieces at shops.

Inventory:

Hand Weapons
 a - a +0 mace of protection
 h - a +1 sling of flaming
 i - the +8 flail of the Dancing Gods (weapon) {speed, rPois rC+ Int+2 Dex+3}
   (You found it on level 4 of the Dungeon)

   Int+2:     It affects your intelligence (+2).
   Dex+3:     It affects your dexterity (+3).
   rC+:       It protects you from cold.
   rPois:     It protects you from poison
 k - a +4 heavy eveningstar
 F - a +9 broad axe of flaming
Missiles
 g - a throwing net
 A - 39 boomerangs (quivered)
Armour
 j - a +1 pair of boots (worn)
 s - the +5 plate armour "Zufij" (worn) {Str-3 Slay+5}
   (You acquired it in a bailey)

   Str-3:     It affects your strength (-3).
   Slay+5:    It affects your accuracy & damage with ranged weapons and melee
   (+5).
 x - a +2 cloak (worn)
 H - a +0 kite shield (worn)
 M - a +0 helmet (worn)
Jewellery
 p - a ring of magical power (left hand)
 q - an amulet of guardian spirit (around neck)
 t - a +6 ring of dexterity
 I - the ring "Towo" (right hand) {rC+++ rN+++ MP-9 Int+6 Dex-5}
   (You found it in a bailey)

   [ring of intelligence]

   Int+6:     It affects your intelligence (+6).
   Dex-5:     It affects your dexterity (-5).
   rC+++:     It renders you almost immune to cold.
   rN+++:     It renders you almost immune to negative energy.
   MP-9:      It affects your magic capacity (-9).
 K - an amulet of magic regeneration
Wands
 u - a wand of iceblast (22)
 v - a wand of digging (28)
 w - a wand of light (18)
 N - a wand of paralysis (3)
 T - a wand of mindburst (11)
 U - a wand of polymorph (3)
Scrolls
 c - 9 scrolls of immolation
 d - a scroll of fear
 f - a scroll of amnesia
 l - 6 scrolls of teleportation
 m - 4 scrolls of fog
 n - 3 scrolls of vulnerability
 y - a scroll of identify
 C - 2 scrolls of summoning
 E - 2 scrolls of blinking
 R - 2 scrolls of revelation
Potions
 b - 2 potions of brilliance
 e - 4 potions of attraction
 o - 2 potions of curing
 r - 5 potions of might
 z - a potion of berserk rage
 B - a potion of haste
 D - a potion of invisibility
 G - a potion of cancellation
 L - a potion of resistance
 O - a potion of lignification
 Q - a potion of ambrosia


   Skills:
 * Level 14.9 Fighting
 * Level 13.6 Maces & Flails
 - Level 3.4 Ranged Weapons
 * Level 14.5 Armour
 + Level 8.4 Dodging
 * Level 8.4 Shields


You had 14 spell levels left.
You didn't know any spells.
Your spell library was empty.

Dungeon Overview and Level Annotations

Branches:
Dungeon (15/15)            Temple (0/1) D:5            Lair (0/5) D:9
    Orc (0/2) D:10         Vaults (0/5) D:13         Depths (1/4) D:15
 Bailey (visited)

Altars:
Cheibriados
Elyvilon
Hepliaklqana
Nemelex Xobeh
Okawaru
Ru
Sif Muna
Uskayaw
Wu Jian

Shops:
D:1 :   D:10 **


Innate Abilities, Weirdness & Mutations

You are immune to sickness and miasma.
Your stone body is resilient. (AC +11)
You are immune to poison.
Your large and strong wings let you fly.
You resist negative energy. (rN+)
You are resistant to electric shocks. (rElec)
You are resistant to unholy torment.
You are immune to petrification.
Armour fits poorly on your strangely shaped body.
Your flesh is heat resistant. (rF+)
Your spells are a little harder to cast, but a little more powerful.


Message History

Trog accepts your kill.
You feel a strong urge to attack something.
Things that are here:
a +0 dire flail; a +0 dire flail; an ettin corpse You start resting.
You feel your anger nearly subside.
You start resting.
You are no longer berserk.
You are exhausted.
You feel yourself slow down.
You start resting.
A stone giant comes into view.
The stone giant moves out of view.
You start resting.
A stone giant is nearby!
A stone giant is nearby!
The stone giant shouts!
There is an open door, spattered with blood here.
Things that are here:
a very ugly thing corpse; a very ugly thing corpse You start resting.
A stone giant is nearby!
A stone giant is nearby!
The stone giant throws a large rock.
The large rock hits you but does no damage.
Throw: 39 boomerangs
Press: ? - help, Q - select action, (/) - cycle Shift-Dir - straight line, f - stone giant
Aim: a stone giant, quivering large rocks (91% to hit)
You throw a boomerang. The boomerang hits the stone giant.
The stone giant is lightly wounded.
The stone giant throws a large rock.
The large rock hits you!
* * * LOW HITPOINT WARNING * * *
The stone giant throws a large rock.
The large rock hits you but does no damage.
Okay, then.
You feel better. The stone giant closely misses you.
You sock the stone giant!
The stone giant is lightly wounded.
The stone giant hits you!!
You die...

#.....<..#
#........#
#........#
#........#
#........#
#........#
########+#######'##
..........# #.#
..........######@#
.=.......)†...##C#
###.###.####.....#
.........# #.#####
#.###.##.....# ..
....#.###.# #
#.##:..# #.# . ..
.#.# #.# .#.. ...


You could see a stone giant.

Vanquished Creatures
  An orc warlord (Bailey)
  5 very ugly things (Depths:1)
  Snorg (D:10)
  An ettin (Depths:1)
  5 vault guards (D:13)
  Fannar (D:10)
  5 centaur warriors
  An ogre mage (D:13)
  3 two-headed ogres
  A tengu warrior (D:15)
  A vampire mage (D:15)
  The ghost of 0gre the Frost Mage, a novice GnIE of Gozag (D:9)
  The ghost of Dordric the Crack Shot, a journeyman KoHu of Hepliaklqana (D:10)
  Sonja (D:12)
  Urug (D:11)
  2 storm dragon skeletons (D:15)
  2 skeletal warriors (D:15)
  A slime creature (D:14)
  3 arcanists
  2 deep elf pyromancers
  A necromancer (D:15)
  30 ugly things
  2 manticores
  3 cyclopes
  2 gargoyles
  2 unseen horrors (D:11)
  Maggie (D:7)
  2 tengu conjurers (D:14)
  A komodo dragon (D:11)
  2 yaktaurs (D:13)
  A troll (D:9)
  A polar bear (D:10)
  Grinder (D:3)
  A spriggan zombie (D:15)
  2 shadows
  Sigmund (D:3)
  A water elemental (D:12)
  3 spriggans (D:10)
  A vampire (D:12)
  A wraith (D:12)
  3 humans (D:13)
  4 yaks (D:10)
  2 steam dragons (D:9)
  6 vampire mosquitoes
  5 acid dragons
  2 water moccasins (D:7)
  2 ice beasts
  11 orc warriors
  3 sky beasts
  2 ogres (D:5)
  The ghost of osoart the Changeling, an amateur DgSh (D:3)
  20 centaurs
  A phantom (D:6)
  2 kobold brigands
  Blork the orc (D:5)
  3 bullfrogs (D:8)
  A gnoll sergeant (D:9)
  A scorpion (D:5)
  3 wights (D:8)
  7 killer bees
  2 electric eels (D:12)
  4 howler monkeys
  A hound (D:5)
  9 orc priests
  4 jellies
  Jessica (D:3)
  A sleepcap (D:5)
  An iguana (D:7)
  15 orc wizards
  4 adders
  12 gnolls
  3 shadow imps
  2 white imps
  2 ufetubi (D:7)
  A worm (D:4)
  3 dart slugs
  58 orcs
  9 ball pythons
  6 endoplasms
  10 hobgoblins
  2 jackals (D:2)
  4 quokkas
  8 bats
  5 frilled lizards
  9 goblins
  33 kobolds
  9 rats
396 creatures vanquished.

Vanquished Creatures (others)
  An ugly thing (D:15)
  An orc wizard (D:8)
  A quokka (D:9)
3 creatures vanquished.

Grand Total: 399 creatures vanquished

Notes
Turn   | Place    | Note
-------+----------+-------------------------------------------
     0 | D:1      | sammy202020 the Gargoyle Berserker began the quest for the
                  | Orb.
     0 | D:1      | Reached XP level 1. HP: 14/14 MP: 1/1
    96 | D:1      | Reached XP level 2. HP: 19/19 MP: 2/2
   152 | D:1      | Found Guclow's Book Emporium.
   380 | D:1      | Reached XP level 3. HP: 24/24 MP: 3/3
   525 | D:2      | Reached XP level 4. HP: 29/29 MP: 4/4
   596 | D:2      | Reached ** piety under Trog
  1436 | D:3      | Found a runed translucent door.
  1436 | D:3      | Noticed osoart's ghost (amateur DgSh)
  1467 | D:3      | Killed osoart's ghost
  1468 | D:3      | Reached XP level 5. HP: 23/34 MP: 5/5
  1520 | D:3      | Found a sparkling altar of Nemelex Xobeh.
  1523 | D:3      | Found a sacrificial altar of Ru.
  1553 | D:3      | Noticed Sigmund
  1563 | D:3      | Killed Sigmund
  1564 | D:3      | Reached skill level 5 in Fighting
  1564 | D:3      | Reached XP level 6. HP: 21/40 MP: 6/6
  1819 | D:3      | Noticed Jessica
  1830 | D:3      | Killed Jessica
  1835 | D:3      | Found a hazy altar of Hepliaklqana.
  1837 | D:3      | Noticed Grinder
  1859 | D:3      | Paralysed by Grinder for 3 turns
  1870 | D:3      | Paralysed by Grinder for 4 turns
  1878 | D:3      | Paralysed by Grinder for 4 turns
  1898 | D:3      | Killed Grinder
  1899 | D:3      | Reached skill level 5 in Maces & Flails
  1899 | D:3      | Reached XP level 7. HP: 35/44 MP: 7/7
  2137 | D:4      | Identified the +8 flail of the Dancing Gods {speed, rPois
                  | rC+ Int+2 Dex+3}
  2148 | D:4      | Reached *** piety under Trog
  2203 | D:4      | Reached skill level 5 in Armour
  2874 | D:5      | Entered Level 5 of the Dungeon
  2906 | D:5      | Found a staircase to the Ecumenical Temple.
  3064 | D:5      | Found a hide-covered altar of Uskayaw.
  3081 | D:5      | Reached XP level 8. HP: 51/51 MP: 8/8
  3415 | D:5      | Noticed Blork the orc
  3427 | D:5      | Killed Blork the orc
  4366 | D:7      | Reached XP level 9. HP: 54/57 MP: 9/9
  4496 | D:7      | Noticed Maggie
  4506 | D:7      | Killed Maggie
  4506 | D:7      | Reached **** piety under Trog
  5240 | D:8      | Reached XP level 10. HP: 42/65 MP: 10/10
  5420 | D:8      | Found a flagged portal.
  5432 | Bailey   | Entered a bailey
  5437 | Bailey   | Noticed an orc warlord
  5576 | Bailey   | Found a runed translucent gate.
  5579 | Bailey   | Found a runed translucent gate.
  5582 | Bailey   | Found a runed translucent gate.
  5616 | Bailey   | Killed an orc warlord
  5617 | Bailey   | Reached skill level 5 in Dodging
  5645 | Bailey   | Identified the ring "Towo" {rC+++ rN+++ MP-9 Int+6 Dex-5}
  5680 | Bailey   | Reached skill level 10 in Maces & Flails
  5680 | Bailey   | Reached skill level 10 in Armour
  5680 | Bailey   | Reached XP level 11. HP: 32/74 MP: 8/11
  5683 | Bailey   | Identified a scroll of acquirement
  5683 | Bailey   | Acquired the +5 plate armour "Zufij" {Str-3 Slay+5}
  5901 | Bailey   | Reached XP level 12. HP: 81/81 MP: 12/12
  6308 | D:9      | Found a snail-covered altar of Cheibriados.
  6394 | D:9      | Found a staircase to the Lair.
  6468 | D:9      | Found a runed translucent gate.
  6468 | D:9      | Found a runed translucent gate.
  6469 | D:9      | Found a runed translucent gate.
  6469 | D:9      | Noticed 0gre's ghost (novice GnIE)
  6469 | D:9      | Noticed a two-headed ogre
  6709 | D:9      | Found a shimmering blue altar of Sif Muna.
  6839 | D:9      | Killed a two-headed ogre
  6851 | D:9      | Reached ***** piety under Trog
  6871 | D:9      | Killed 0gre's ghost
  7023 | D:9      | Found a white marble altar of Elyvilon.
  7052 | D:9      | Found an iron altar of Okawaru.
  7243 | D:9      | Received a gift from Trog
  7358 | D:9      | Found an ornate altar of the Wu Jian Council.
  7591 | D:10     | Entered Level 10 of the Dungeon
  7609 | D:10     | Identified the +11 trident "Nosseh" {speed, Str+4}
  7686 | D:10     | Found Arroi's Assorted Antiques.
  7694 | D:10     | Bought a notched moonstone ring for 90 gold pieces
  7704 | D:10     | Found Obedain's Assorted Antiques.
  7709 | D:10     | Bought a helmet for 117 gold pieces
  7775 | D:10     | Reached skill level 1 in Shields
  7920 | D:10     | Noticed Fannar
  7937 | D:10     | Killed Fannar
  8104 | D:10     | Noticed Snorg
  8105 | D:10     | Found a runed translucent door.
  8118 | D:10     | Killed Snorg
  8180 | D:10     | Noticed Dordric's ghost (journeyman KoHu)
  8180 | D:10     | Identified the +5 trident of Ikaes {vamp, Contam rPois
                  | Int+5}
  8269 | D:10     | Killed Dordric's ghost
  8270 | D:10     | Reached XP level 13. HP: 77/87 MP: 10/13
  8330 | D:10     | Found a staircase to the Orcish Mines.
  8865 | D:11     | Noticed Urug
  8874 | D:11     | Killed Urug
  8981 | D:11     | Identified the +0 chain mail of Courage {-Cast rN+ Dex+3}
 10477 | D:12     | Received a gift from Trog
 10714 | D:12     | Noticed Sonja
 10727 | D:12     | Killed Sonja
 11607 | D:13     | Noticed a vault guard
 11902 | D:13     | Identified the +6 dagger "Ofueps" {flame, rN++ SInv}
 11991 | D:13     | Reached skill level 5 in Shields
 12048 | D:13     | Noticed a vault guard
 12364 | D:13     | Noticed a vault guard
 12385 | D:13     | Killed a vault guard
 12390 | D:13     | Killed a vault guard
 12421 | D:13     | Reached skill level 1 in Ranged Weapons
 12554 | D:13     | Killed a vault guard
 12662 | D:13     | Found a gate to the Vaults.
 12662 | D:13     | Noticed a vault guard
 12662 | D:13     | Noticed a vault guard
 12673 | D:13     | Killed a vault guard
 12677 | D:13     | Killed a vault guard
 13156 | D:14     | Gained mutation: Your large and strong wings let you fly.
                  | [Gargoyle growth]
 13156 | D:14     | Reached XP level 14. HP: 54/95 MP: 7/14
 13409 | D:14     | HP: 1/95 [red ugly thing (26)]
 13463 | D:14     | Gained mutation: Your flesh is heat resistant. (rF+)
                  | [potion of mutation]
 13463 | D:14     | Gained mutation: Armour fits poorly on your strangely
                  | shaped body. [potion of mutation]
 13463 | D:14     | Gained mutation: Your spells are a little harder to cast,
                  | but a little more powerful. [potion of mutation]
 14157 | D:15     | Entered Level 15 of the Dungeon
 14479 | D:15     | Found a staircase to the Depths.
 14698 | D:15     | Identified the +1 bardiche of Iveuq {flame, rF+++}
 15167 | D:15     | Identified the +4 trident of Brawling {freeze, rPois Will+
                  | Str+2}
 15756 | Lair:2   | Identified the "Casipt"
 15756 | Crypt:3  | Identified the "Neomn"
 15756 | Depths:1 | Identified the of Zodoxec
 15756 | Depths:1 | Entered Level 1 of the Depths
 15756 | Depths:1 | Noticed a white very ugly thing
 15756 | Depths:1 | Noticed a white very ugly thing
 15782 | Depths:1 | Killed a red very ugly thing
 15792 | Depths:1 | Killed a white very ugly thing
 15815 | Depths:1 | HP: 4/96 [acid (9)]
 15838 | Depths:1 | HP: 3/96 [purple ugly thing (6)]
 16309 | Depths:1 | Noticed a green very ugly thing
 16310 | Depths:1 | Noticed a green very ugly thing
 16310 | Depths:1 | Noticed a green very ugly thing
 16341 | Depths:1 | Killed a purple very ugly thing
 16348 | Depths:1 | Killed a green very ugly thing
 16349 | Depths:1 | Reached XP level 15. HP: 58/101 MP: 8/15
 16369 | Depths:1 | HP: 7/151 [ettin/+0 dire flail (4)]
 16393 | Depths:1 | HP: 4/101 [stone giant/large rock (10)]
 16396 | Depths:1 | Mangled by a stone giant

Illustrated notes

Levels and vault maps discovered:
D:1:      pf_arrival_petrified_forest, layout_rooms, serial_shops, shop,
          minmay_misc_feat_diagonals, hangedman_decor_slide_cut
D:2:      cheibrodos_pilgrimage, layout_basic, kennysheep_generic_room_2
D:3:      layout_loops_cross, nicolae_overflow_squiral, lemuel_doored_altar,
          mainiacjoe_overflow_brackets, hellmonk_ghost_happy_afterlife,
          uniq_grinder, uniq_sigmund, uniq_jessica
D:4:      layout_rooms, minmay_parallelograms
D:5:      layout_rooms, mainiacjoe_overflow_tiny_flanked, temple_statues,
          serial_co_window_serial, co_window_of_opportunity_a,
          co_window_corner_a, co_window_corner_a, co_window_paths_a,
          co_window_paths_a, co_window_paths_a, co_window_broadway_c,
          co_window_unsneaky_path_b, co_window_of_opportunity_b,
          co_window_broadway_a, co_window_corner_b, co_window_4corner_b,
          glass_columns_b, glass_columns_b, enter_ossuary_2, uniq_blork_the_orc
D:6:      layout_rooms
D:7:      layout_loops_ring, uniq_maggie
D:8:      layout_cave_pools, enter_bailey_5, nicolae_nh_ransacked_shop
D:9:      layout_loops_corners, marbit_many_paths,
          mainiacjoe_overflow_cross_hatched, okawaru_gym_becter,
          elyvilon_altar_4, pdpol_wu_jian_five_deadly_venoms, lair_entry_dummy,
          gammafunk_ghost_split
D:10:     layout_irregular_city, hiddenorc1_lemuel, ebering_ghost_funeral_grove,
          serial_shops, shop_statue, shop, uniq_fannar, uniq_snorg
D:11:     layout_grid_maze, serial_glass, glass_columns_b, glass_columns_b,
          nicolae_twisty_statue_hallways, uniq_urug
D:12:     layout_basic, uniq_sonja
D:13:     layout_roguey, grunt_vaults_entry_fortified, hangedman_decor_opposing
D:14:     layout_basic
D:15:     gammafunk_depths_entry_grave, layout_gridville,
          gauntlet_entry_generic, serial_park_tiny_pond,
          hangedman_decor_clover_reticule
Depths:1: layout_gridlike, enter_ziggurat_b, chequers_serial_rivers_small_b,
          grunt_hell_horde, grunt_ministairs_10,
          nicolae_concentric_dashed_squares_wild, nicolae_ru_path_of_blood,
          serial_bayou_shore_a

Skill      XL: |  1  2  3  4  5  6  7  8  9 10 11 12 13 14 |
---------------+-------------------------------------------+-----
Dodging        | 2 3 4 6 7 8 |  8.4
Fighting       | 4 5 6 7 8 11 12 13 14 | 14.9
Armour         | 3 4 5 6 8 10 11 12 13 14 | 14.5
Maces & Flails | 4 5 6 7 10 11 12 13 | 13.6
Shields        | 2 5 8 |  8.4
Ranged Weapons | 1 3 |  3.4

Action                     |  1- 3 |  4- 6 |  7- 9 | 10-12 | 13-15 || total
---------------------------+-------+-------+-------+-------+-------++-------
  Melee: Mace              |    57 |   167 |    54 |       |       ||   278
         Punch             |       |     3 |     2 |     1 |       ||     6
         Flail             |       |       |   251 |   338 |   761 ||  1350
   Fire: Sling             |       |       |       |       |    36 ||    36
  Throw: Boomerang         |       |       |       |       |     4 ||     4
 Invoke: Berserk           |     1 |     1 |     2 |     4 |     6 ||    14
         Trog's Hand       |       |       |     1 |     2 |     3 ||     6
         Brothers in Arms  |       |       |       |       |     1 ||     1
    Use: Scroll            |       |    10 |     5 |     7 |     8 ||    30
         Potion            |       |       |     1 |     3 |     5 ||     9
 Armour: Animal skin       |    28 |       |       |       |       ||    28
         Plate armour      |    16 |   153 |   281 |   295 |   807 ||  1552
  Dodge: Dodged            |    45 |    36 |   101 |   129 |   191 ||   502
  Block: Kite shield       |       |       |       |    46 |   305 ||   351

Table legend: (Time is in decaauts)
 A = Elapsed time spent in this place.
 B = Non-inter-level travel time spent in this place.
 C = Inter-level travel time spent in this place.
 D = Time resting spent in this place.
 E = Time spent auto-exploring this place.
 F = Levels seen in this place.
 G = Mean time per level.
                   A        B        C        D        E       F      G
               +--------+--------+--------+--------+--------+-----+--------+
         Total |  16118 |  15912 |    206 |   2353 |   9849 |  17 |  948.1 |
       Dungeon |  15034 |  14828 |    206 |   1864 |   9637 |  15 | 1002.3 |
        Depths |    601 |    601 |      0 |    451 |     14 |   1 |  601.0 |
        Bailey |    482 |    482 |      0 |     37 |    198 |   1 |  482.0 |
               +--------+--------+--------+--------+--------+-----+--------+

Top non-repeatable levels by time:
    D:13: 1600 daAuts
    D:15: 1519 daAuts
    D:11: 1304 daAuts
    D:12: 1265 daAuts
     D:9: 1243 daAuts
    D:10: 1240 daAuts
     D:5: 1087 daAuts
    D:14: 1051 daAuts
     D:2: 941 daAuts
     D:4: 826 daAuts
     D:7: 758 daAuts
     D:8: 695 daAuts
     D:3: 668 daAuts
Depths:1: 601 daAuts
     D:1: 504 daAuts
